 Dungeon Crawl Stone Soup version 0.30.1-11-g7821555f0a (webtiles) character file.

Game seed: 9100001014856326330

86 lonewolfV2 the Trooper (level 4, 0/39 (41) HPs)
             Began as a Minotaur Fighter on Nov 14, 2023.
             Slain by a wight
             ... wielding a +3 flail of freezing
              (12 damage)
             ... on level 3 of the Dungeon.
             The game lasted 00:02:00 (1156 turns).

lonewolfV2 the Trooper (Minotaur Fighter)           Turns: 1156, Time: 00:02:00

HP:   0/39 (41)     AC: 15    Str: 20    XL:     4   Next: 27%
MP:   3/3           EV:  9    Int:  5    God:
Gold: 101           SH:  4    Dex: 12    Spells: 3/3 levels left

rFire   . . .        a - +0 war axe
rCold   . . .        c - +0 buckler
rNeg    . . .        n - +6 chain mail {ponderous}
rPois   .            (helmet restricted)
rElec   .            (no cloak)
rCorr   .            (no gloves)
SInv    .            (no boots)
Will    .....        (no amulet) Stlth
                     (no ring)
HPRegen 0.26/turn    (no ring)
MPRegen 0.08/turn

%: no passive effects
@: lightly drained, slow
A: horns 2, retaliatory headbutt
a: no special abilities


You were on level 3 of the Dungeon.
You visited 1 branch of the dungeon, and saw 3 of its levels.

You collected 101 gold pieces.

Inventory:

Hand Weapons
 a - a +0 war axe (weapon)
Armour
 b - a +0 scale mail
 c - a +0 buckler (worn)
 n - a +6 chain mail of ponderousness (worn)
Scrolls
 f - a scroll of magic mapping
 j - a scroll of identify
Potions
 d - a potion of might
 e - a potion of flight {unknown}
 g - 2 potions of haste
 h - a potion of resistance {unknown}
 i - a potion of mutation {unknown}
 k - 2 potions of invisibility
 l - a potion of curing {unknown}
 m - a potion of heal wounds {unknown}


   Skills:
 + Level 4.6 Fighting
 - Level 2.4 Axes
 - Level 3.6 Armour
 * Level 3.5 Dodging
 - Level 3.6 Shields


You had 3 spell levels left.
You didn't know any spells.
Your spell library contained the following spells:

 Spells                   Type           Power      Damage    Failure   Level
 Freeze                   Ice            0%         1d3       99%         1
 Frozen Ramparts          Ice            0%         1d1       100%        3
 Hailstorm                Conj/Ice       0%         3d3       100%        3


Dungeon Overview and Level Annotations

Branches:
Dungeon (3/15)

Altars:
Elyvilon


Innate Abilities, Weirdness & Mutations

You have a pair of horns on your head.
You reflexively headbutt those who attack you in melee.


Message History

Found a white marble altar of Elyvilon.
A rat comes into view.
A rat is nearby!
A rat is nearby!
Why would you want to do that? The rat barely misses you.
You closely miss the rat. You headbutt the rat.
The rat is severely wounded.
The rat bites you but does no damage. The rat closely misses you.
You furiously retaliate!
You headbutt the rat.
You kill the rat!
You see here a rat corpse.
A wight comes into view. It is wielding a +1 long sword.
A wight is nearby!
A wight is nearby!
A wight comes into view. It is wielding a +3 flail of freezing.
Found a scale mail.
A wight comes into view. It is wielding a +4 spear.
You hit the wight. You headbutt the wight.
The wight is severely damaged.
The wight hits you with a +3 flail of freezing.
The wight freezes you. The wight hits you but does no damage.
You barely miss the wight. You headbutt the wight.
The wight is severely damaged.
You hit the wight but do no damage. The wight misses you.
The wight hits you with a +1 long sword!
You feel drained.
You closely miss the wight.
The wight is severely damaged.
You hit the wight but do no damage. The wight hits you but does no damage.
You hit the wight but do no damage.
The wight is severely damaged.
You hit the wight.
The wight hits you with a +3 flail of freezing.
The wight freezes you.
The wight hits you with a +1 long sword.
The wight hits you but does no damage.
The wight hits you from afar with a +4 spear.
The wight hits you with a +3 flail of freezing!
You die...

♣...~~_~~...♣
#..<..#####
♣♣..≈≈~≈≈..♣♣
#...........
♣...≈~≈...♣
#....#######
♣♣.......♣♣
##....
♣♣...†.♣♣
####.. ♣♣...♣♣
##. ♣♣.....♣♣
#. ♣.......♣♣
.# ♣...≈~≈z@z♣
#..≈≈~≈≈..#
#..~~♣~~z...
#..≈≈~≈≈!.....
#...≈~≈.......#
##...[...#....#
##.....##....#
###..# ....#


You could see 3 wights.

Vanquished Creatures
  4 adders (D:2)
  A dart slug (D:1)
  4 bats
  5 endoplasms
  A giant cockroach (D:2)
  8 hobgoblins
  3 quokkas
  6 ball pythons
  A frilled lizard (D:1)
  6 goblins
  3 kobolds
  4 rats
46 creatures vanquished.

Notes
Turn   | Place    | Note
-------+----------+-------------------------------------------
     0 | D:1      | lonewolfV2 the Minotaur Fighter began the quest for the
                  | Orb.
     0 | D:1      | Reached XP level 1. HP: 19/19 MP: 0/0
    13 | D:1      | Reached skill level 1 in Dodging
    30 | D:1      | Reached XP level 2. HP: 26/27 MP: 1/1
   102 | D:1      | You fall into a shaft and drop 1 floor!
   152 | D:2      | Reached skill level 4 in Fighting
   248 | D:2      | Reached XP level 3. HP: 30/33 MP: 2/2
   412 | D:1      | Reached XP level 4. HP: 38/41 MP: 3/3
  1131 | D:3      | Found a white marble altar of Elyvilon.
  1156 | D:3      | Slain by a wight

Illustrated notes

Levels and vault maps discovered:
D:1:      wander_arrival_desolate, layout_rooms
D:2:      layout_loops_ring
D:3:      layout_rooms, elyvilon_altar_3, slow_altar_2,
          mainiacjoe_overflow_divided_tiny, grunt_decor_mini_mirrors,
          uniq_natasha, uniq_terence, uniq_robin

Skill      XL: |  1  2  3 |
---------------+----------+-----
Dodging        | 1 2 3 |  3.5
Fighting       | 4 |  4.6
Axes           | |  2.4
Armour         | |  3.6
Shields        | |  3.6

Action                     |  1- 3 |  4- 6 || total
---------------------------+-------+-------++-------
  Melee: War axe           |    55 |    28 ||    83
         Headbutt          |     5 |     9 ||    14
    Use: Scroll            |       |     7 ||     7
 Armour: Scale mail        |    33 |     6 ||    39
         Chain mail        |       |    13 ||    13
  Dodge: Dodged            |    46 |    19 ||    65
  Block: Buckler           |     9 |     3 ||    12
